 Dungeon Crawl Stone Soup version 0.25-a0-589-g1e14c549ee (webtiles) character file.

Game seed: 9963474574131684258, levelgen mode: deterministic

82 Kohma the Digger (level 4, -1/49 HPs)
             Began as a Draconian Earth Elementalist on Mar 10, 2020.
             Slain by a hobgoblin
             ... wielding a cursed -1 club
             ... led by Robin
              (2 damage)
             ... on level 2 of the Dungeon.
             The game lasted 00:04:28 (1566 turns).

Kohma the Digger (Draconian Earth Elementalist)     Turns: 1566, Time: 00:04:28

Health: -1/49      AC: 22    Str: 10    XL:     4   Next: 21%
Magic:  2/7        EV:  2    Int: 16    God:
Gold:   92         SH:  0    Dex: 12    Spells: 2/8 levels left

rFire    . . .     SeeInvis .     - Unarmed
rCold    . . .     Gourm    .   (no shield)
rNeg     + + +     Faith    .   (armour unavailable)
rPois    +         Spirit   .   (helmet currently unavailable)
rElec    .         Reflect  .   (cloak currently unavailable)
rCorr    .         Harm     .   (gloves currently unavailable)
MR       .....     NoTele   +   (boots currently unavailable)
Stlth    ++........             (no amulet)
HPRegen  0.16/turn              (no ring)
MPRegen  0.10/turn              (no ring)

@: tree-form
A: unfitting armour, AC +5
a: no special abilities


You were on level 2 of the Dungeon.
You were not hungry.
You were a tree.
You visited 1 branch of the dungeon, and saw 2 of its levels.

You collected 92 gold pieces.

Inventory:

Missiles
 b - 34 stones (quivered)
 h - 12 sling bullets
Armour
 i - a +0 buckler
Potions
 a - 2 potions of lignification
 f - a potion of degeneration
 g - a potion of brilliance {unknown}
 j - a potion of flight {unknown}
Comestibles
 c - 3 rations
 d - 2 chunks of flesh


   Skills:
 - Level 2.0 Dodging
 - Level 1.9 Stealth
 + Level 1.1 Unarmed Combat
 + Level 2.5 Spellcasting
 - Level 2.0 Transmutations
 * Level 3.9 Earth Magic


You had 2 spell levels left.
You knew the following spells:

 Your Spells              Type           Power        Failure   Level  Hunger
a - Sandblast             Erth           ##....       4%          1    #......
b - Passwall              Tmut/Erth      ##......     9%          2    ##.....
c - Stone Arrow           Conj/Erth      #.....       26%         3    ###....

Your spell library contained the following spells:

 Spells                   Type           Power        Failure   Level  Hunger
 Petrify                  Tmut/Erth      ##......     50%         4    #####..
 Lee's Rapid Deconstruct  Erth           ##........   73%         5    ######.


Dungeon Overview and Level Annotations

Branches:
Dungeon (2/15)

Altars:


Innate Abilities, Weirdness & Mutations

((Your plain brown scales are hard. (AC +5)))
You cannot fit into any form of body armour.
((You are cold-blooded and may be slowed by cold attacks.))


Message History

The hobgoblin barely misses you. The goblin hits you but does no damage.
You hit Robin.
Robin is severely wounded.
The hobgoblin no longer looks unusually strong.
The goblin completely misses you. The goblin barely misses you.
Robin hits you but does no damage.
The hobgoblin hits you but does no damage.
You smack Robin!
You kill Robin!
The goblin no longer looks unusually strong.
The hobgoblin no longer looks unusually strong.
The goblin hits you but does no damage. x2
The hobgoblin hits you with a cursed -1 club.
* * * LOW HITPOINT WARNING * * *
You closely miss the frilled lizard.
The goblin no longer looks unusually strong.
The frilled lizard bites you but does no damage.
The goblin hits you but does no damage. x2
The hobgoblin hits you with a cursed -1 club.
You die... '............. #............ '........... #.......... .....g.. .lggg

#gl########+#######
#♣g.....#.........
##g.....#.....^...
#......#.........
##.....#.........
#..####.........
##.# #......... #.#
#.# #.........
###.# #.##
#......... ..#.#
#########..#
#.........


You could see a leopard gecko, 3 hobgoblins, 4 goblins and a frilled lizard.

Vanquished Creatures
  Robin (D:2)
  2 adders
  An ooze (D:2)
  A worm (D:2)
  2 dart slugs (D:1)
  A bat (D:1)
  2 giant cockroaches (D:1)
  8 goblins
  5 hobgoblins
  7 jackals
  A frilled lizard (D:2)
  4 kobolds (D:1)
  4 rats (D:1)
39 creatures vanquished.

Notes
Turn   | Place    | Note
-------+----------+-------------------------------------------
     0 | D:1      | Kohma the Draconian Earth Elementalist began the quest for
                  | the Orb.
     0 | D:1      | Reached XP level 1. HP: 14/14 MP: 3/3
   292 | D:1      | Reached XP level 2. HP: 19/20 MP: 5/5
   296 | D:1      | Learned a level 2 spell: Passwall
   801 | D:1      | Reached XP level 3. HP: 14/26 MP: 1/6
   951 | D:1      | Learned a level 3 spell: Stone Arrow
  1546 | D:2      | Noticed Robin
  1548 | D:2      | Reached skill level 1 in Unarmed Combat
  1550 | D:2      | Reached XP level 4. HP: 24/33 MP: 2/7
  1565 | D:2      | Killed Robin
  1565 | D:2      | HP: 1/49 [hobgoblin/cursed -1 club[Robin] (6)]
  1566 | D:2      | Slain by a hobgoblin

Levels and vault maps discovered:
D:1:      saegor_arrival_simple_b, layout_loops_ring
D:2:      layout_basic, grunt_ministairs_14, minmay_misc_feat_rugged, uniq_robin

Skill      XL: |  1  2  3 |
---------------+----------+-----
Dodging        | 2 |  2.0
Transmutations | 2 |  2.0
Unarmed Combat | 1 |  1.1
Stealth        | |  1.9
Spellcasting   | |  2.5
Earth Magic    | |  3.9

Action                   |  1- 3 |  4- 6 || total
-------------------------+-------+-------++-------
Melee: Unarmed           |    49 |    11 ||    60
       Tailslap          |     6 |       ||     6
 Cast: Sandblast         |    44 |     3 ||    47
  Use: Scroll            |       |     2 ||     2
       Potion            |       |     1 ||     1
  Eat: Chunk             |     3 |       ||     3
Armor: Skin              |    14 |    23 ||    37
Dodge: Dodged            |    39 |    14 ||    53

Table legend:
 A = Non-vault XP
 B = Vault XP
 C = Vault XP percentage of total XP
 D = Non-vault monster count
 E = Vault monster count
 F = Vault count percentage of total count
                 A         B        C        D         E       F
            +---------+---------+-------+---------+---------+-------
      Total |      71 |      47 |  39.8 |      28 |      11 |  28.2
            +---------+---------+-------+---------+---------+-------
        D:1 |      45 |      13 |  22.4 |      24 |       1 |   4.0
        D:2 |      26 |      34 |  56.7 |       4 |      10 |  71.4
            +---------+---------+-------+---------+---------+-------
